 Dungeon Crawl Stone Soup version 0.31.0-4-g52a2dc7128 (webtiles) character file.

Game seed: 2540051053847131724

93 Crownlay the Trooper (level 4, -1/37 HPs)
             Began as a Djinni Monk on Jan 22, 2024.
             Splashed by a jelly's acid (2 damage)
             ... on level 2 of the Dungeon.
             The game lasted 00:01:36 (1400 turns).

Crownlay the Trooper (Djinni Monk)                  Turns: 1400, Time: 00:01:37

Health: -1/37      AC: -6    Str: 10    XL:     4   Next: 91%
Gold:   85         EV: 13    Int: 13    God:
                   SH:  0    Dex: 16

rFire   + + .        a - +0 hand axe
rCold   x . .        d - orb {light}
rNeg    . . .        b - +0 robe
rPois   ∞            (no helmet)
rElec   .            (no cloak)
rCorr   +            (no gloves)
SInv    .            (boots unavailable)
Will    .....        l - amulet of the acrobat
Stlth   +            m - ring of resist corrosion
HPRegen 0.26/turn    (no ring)
MPRegen 0.00/turn

%: acrobat, infuse magic (-2 HP)
@: corroded, flying, glowing
A: sickness immunity, fire resistance 2, cold vulnerability 1, float, innate
caster, HP casting, extra vitality 1
a: no special abilities


You were on level 2 of the Dungeon.
You visited 1 branch of the dungeon, and saw 2 of its levels.

You collected 85 gold pieces.

Inventory:

Hand Weapons
 a - a +0 hand axe (weapon)
Armour
 b - a +0 robe (worn)
 d - an orb of light (worn)
Jewellery
 l - an amulet of the acrobat (around neck)
 m - a ring of resist corrosion (left hand)
Wands
 r - a wand of roots (5)
Scrolls
 e - a scroll of silence {unknown}
 f - a scroll of identify {unknown}
 g - a scroll of blinking {unknown}
 h - 2 scrolls of revelation {unknown}
 k - a scroll of teleportation {unknown}
 o - a scroll of poison {unknown}
Potions
 c - a potion of ambrosia
 i - a potion of curing {unknown}
 j - a potion of brilliance {unknown}
 n - a potion of resistance {unknown}
 p - a potion of enlightenment {unknown}
 q - 2 potions of attraction {unknown}


   Skills:
 + Level 3.8 Fighting
 - Level 2.4 Axes
 - Level 3.2 Dodging
 * Level 2.5 Spellcasting
 * Level 2.5 Conjurations
 * Level 2.5 Hexes
   Level 0.0 Charms
 * Level 2.5 Summonings
 * Level 2.5 Necromancy
 * Level 2.5 Translocations
   Level 0.0 Transmutations
 * Level 2.5 Fire Magic
 * Level 2.5 Ice Magic
 * Level 2.5 Air Magic
 * Level 2.5 Earth Magic
 * Level 2.5 Alchemy


You knew the following spells:

 Your Spells              Type           Power      Damage    Failure   Level
a - Apportation           Tloc           16%        N/A       9%          1
Your spell library was empty.

Dungeon Overview and Level Annotations

Branches:
Dungeon (2/15)

Altars:
Nemelex Xobeh
Xom
Yredelemnul
Zin


Innate Abilities, Weirdness & Mutations

You are immune to sickness and miasma.
You are immune to poison.
Your flesh is very heat resistant. (rF++)
You are vulnerable to cold. (rC-)
You float through the air rather than walking.
You learn spells naturally, not from books.
Your magical power is your life essence.
You have superior vitality. (+4 MHP)


Message History

The endoplasm hits the fungus.
You completely miss the endoplasm.
The endoplasm is severely wounded.
You hit the jelly but do no damage. The acid corrodes you!
Your hands burn!
The endoplasm hits the fungus.
The fungus begins to die.
Something hits the fungus.
You hit the jelly.
Your hands burn!
The jelly is moderately wounded.
A nearby fungus withers and dies.
The jelly closely misses you.
The endoplasm hits the fungus.
Something hits the fungus.
The endoplasm hits the fungus. x2; The jelly hits you.
You are splashed with acid.
You resist.
You hit the jelly. The acid corrodes you!
Your hands burn!
The jelly is heavily wounded.
Something hits the fungus. x2; The jelly barely misses you.
The endoplasm hits the fungus. x2; Something hits the fungus.
You hit the jelly but do no damage.
Your hands burn!
The jelly is heavily wounded.
A nearby fungus withers and dies.
The jelly hits you.
* * * LOW HITPOINT WARNING * * *
You are splashed with acid.
You resist.
* * * LOW HITPOINT WARNING * * *
You hit the jelly but do no damage.
Your hands burn!
* * * LOW HITPOINT WARNING * * *
The jelly is heavily wounded.
The jelly closely misses you.
You hit the jelly but do no damage.
Your hands burn!
* * * LOW HITPOINT WARNING * * *
The jelly is heavily wounded.
The jelly closely misses you.
You hit the jelly.
Your hands burn!
* * * LOW HITPOINT WARNING * * *
The jelly is heavily wounded.
The jelly barely misses you. The jelly closely misses you.
You hit the jelly but do no damage.
Your hands burn!
* * * LOW HITPOINT WARNING * * *
The jelly is heavily wounded.
The jelly barely misses you.
You hit the jelly but do no damage.
Your hands burn!
You die...

......##.###.....##
......##.##.......#
########.##.......#
#...##.......#
#...##.......#
#..######...(#
#..###..'....#
######..##.########
........###...).@##
######..# #######J#
#####...#
..._JJJJJ#
........#
.P..JJ.J÷#
.#####..#
÷..÷.P÷..# ## ####
....._.÷.# #
..÷_._.P.# #
?.._._.P.# #
##########


You could see a jelly and 3 endoplasms.

Vanquished Creatures
  3 adders (D:2)
  5 dart slugs
  3 ball pythons
  7 endoplasms
  A giant cockroach (D:2)
  4 goblins
  5 hobgoblins
  11 kobolds
  3 quokkas (D:1)
  3 bats (D:1)
  3 frilled lizards
  4 rats (D:1)
52 creatures vanquished.

Notes
Turn   | Place    | Note
-------+----------+-------------------------------------------
     0 | D:1      | Crownlay the Djinni Monk began the quest for the Orb.
     0 | D:1      | Reached XP level 1. HP: 20/20 MP: 0/0
   343 | D:1      | Reached XP level 2. HP: 25/25 MP: 0/0
   359 | D:1      | Reached skill level 1 in Spellcasting
   359 | D:1      | Reached skill level 1 in Conjurations
   359 | D:1      | Reached skill level 1 in Hexes
   359 | D:1      | Reached skill level 1 in Summonings
   359 | D:1      | Reached skill level 1 in Necromancy
   359 | D:1      | Reached skill level 1 in Translocations
   359 | D:1      | Reached skill level 1 in Fire Magic
   359 | D:1      | Reached skill level 1 in Ice Magic
   359 | D:1      | Reached skill level 1 in Air Magic
   359 | D:1      | Reached skill level 1 in Earth Magic
   359 | D:1      | Reached skill level 1 in Alchemy
   530 | D:1      | Reached XP level 3. HP: 28/30 MP: 0/0
   530 | D:1      | Learned a level 1 spell: Apportation
   900 | D:2      | Reached XP level 4. HP: 29/35 MP: 0/0
  1387 | D:2      | Found a glowing silver altar of Zin.
  1387 | D:2      | Found a sparkling altar of Nemelex Xobeh.
  1387 | D:2      | Found a basalt altar of Yredelemnul.
  1387 | D:2      | Found a shimmering altar of Xom.
  1399 | D:2      | HP: 1/37 [acid (2)]
  1400 | D:2      | Splashed by a jelly's acid

Illustrated notes

Levels and vault maps discovered:
D:1:      minmay_arrival_loop, layout_basic
D:2:      cheibrodos_fertilizer, layout_rooms, minmay_tree_intersection,
          uniq_natasha

Skill      XL: |  1  2  3  4 |
---------------+-------------+-----
Spellcasting   | 1 2 |  2.5
Conjurations   | 1 2 |  2.5
Hexes          | 1 2 |  2.5
Summonings     | 1 2 |  2.5
Necromancy     | 1 2 |  2.5
Translocations | 1 2 |  2.5
Fire Magic     | 1 2 |  2.5
Ice Magic      | 1 2 |  2.5
Air Magic      | 1 2 |  2.5
Earth Magic    | 1 2 |  2.5
Alchemy        | 1 2 |  2.5
Fighting       | |  3.8
Axes           | |  2.4
Dodging        | |  3.2

Action                     |  1- 3 |  4- 6 || total
---------------------------+-------+-------++-------
  Melee: Hand axe          |    73 |    65 ||   138
 Armour: Robe              |    46 |    32 ||    78
  Dodge: Dodged            |    51 |    60 ||   111
